AoeStats
← Pauloko22

Four Lakes

509768375Analyzed
1v1 RM · 5d ago on Sep 27, 2026· 44m 52s· 2 players
Game mode
Random Map
Map size
Tiny (2 player)
Population
200
Speed
Normal
Resources
Standard
Victory
Conquest
Starting age
Dark Age
Ending age
Imperial Age
RankedLock teamsTeams togetherTeam positionsShared explorationLock speedFull tech treeHidden civsTurbo modeCheats
Victory
Defeat
🇨🇱 Celts · Chile
463
+15
🇨🇱 Burmese · Chile
431
-15
LordG
12:04 Feudal Age
14:36 Man-at-Arms
18:12 Castle Age
17:26 Arson
17:53 Forging
21:59 Long Swordsman
23:41 Iron Casting
23:07 Scale Mail Armor
23:14 Scale Barding Armor
24:58 Wheelbarrow
26:40 Hand Cart
30:24 Gambesons
31:17 Bloodlines
31:08 Husbandry
31:37 Light Cavalry
35:11 Imperial Age
34:29 Horse Collar
39:13 Ballistics
39:54 Chemistry
42:35 Cavalier
Pauloko22
10:17 Feudal Age
8:37 Loom
11:06 Fishing Lines
12:54 Double-Bit Axe
14:21 Wheelbarrow
15:40 Man-at-Arms
17:02 Gold Mining
17:02 Stone Mining
17:00 Town Watch
20:54 Castle Age
21:05 Forging
20:55 Scale Mail Armor
20:41 Horse Collar
22:49 Long Swordsman
23:14 Gambesons
23:18 Arson
23:53 Chain Mail Armor
24:14 Iron Casting
24:31 Gillnets
25:51 Stronghold
26:19 Hand Cart
29:02 Imperial Age
26:57 Bow Saw
27:46 Gold Shaft Mining
27:46 Stone Shaft Mining
28:59 Town Patrol
30:40 Conscription
31:40 Heavy Plow
31:37 Elite Woad Raider
42:58 Chemistry
41:55 Murder Holes
44:54 Ballistics
Connection lost

Rejoining the realm…

Still unreachable

The connection could not be restored.

Session expired

The server has moved on; the page needs a fresh start.